 Dungeon Crawl Stone Soup version 0.24.0-1-gfbc8707 (webtiles) character file.

Game seed: 16563293714127241951, levelgen mode: deterministic

112 Faca the Poker (level 4, -5/35 HPs)
             Began as a Merfolk Necromancer on Nov 8, 2019.
             Slain by a gnoll
             ... wielding a +0 halberd of protection
              (16 damage)
             ... on level 2 of the Dungeon.
             The game lasted 00:08:30 (2944 turns).

Faca the Poker (Merfolk Necromancer)                Turns: 2944, Time: 00:08:31

Health: -5/35      AC:  4    Str:  9    XL:     4   Next: 95%
Magic:  7/7        EV: 11    Int: 14    God:
Gold:   150        SH:  0    Dex: 14    Spells: 7/7 levels left

rFire    . . .     SeeInvis .   b - +0 spear
rCold    + . .     Gourm    .   (no shield)
rNeg     . . .     Faith    .   a - +1 robe
rPois    .         Spirit   .   h - +0 helmet
rElec    .         Reflect  .   (no cloak)
rCorr    .         Harm     .   (no gloves)
MR       .....                  (no boots)
Stlth    ++........             (no amulet)
HPRegen  0.11/turn              i - ring of protection from cold
MPRegen  0.10/turn              k - -2 ring of evasion

@: no status effects
A: change form in water, swift swim, stealthy swim
a: no special abilities


You were on level 2 of the Dungeon.
You were not hungry.

You visited 1 branch of the dungeon, and saw 2 of its levels.

You collected 150 gold pieces.

Inventory:

Hand Weapons
 b - a +0 spear (weapon)
Armour
 a - a +1 robe (worn)
 h - a +0 helmet (worn)
Jewellery
 i - a ring of protection from cold (left hand)
 k - a -2 ring of evasion (right hand)
Scrolls
 d - a scroll of enchant armour
 g - a scroll of fear
 l - a scroll of immolation {unknown}
 m - 2 scrolls of remove curse
Potions
 e - a potion of degeneration {unknown}
 f - a potion of brilliance
 j - a potion of heal wounds
 n - 2 potions of curing {unknown}
 o - a potion of might {unknown}
Comestibles
 c - 9 rations


   Skills:
 + Level 3.2 Fighting
 + Level 4.4 Polearms
 - Level 2.6 Dodging
 - Level 2.1 Stealth
 - Level 2.0 Spellcasting
   Level 3.2 Necromancy


You had 7 spell levels left.
You didn't know any spells.
Your spell library contained the following spells:

 Spells                   Type           Power        Failure   Level  Hunger
 Animate Skeleton         Necr           N/A          6%          1    ##.....
 Pain                     Necr           ##..         6%          1    ##.....
 Vampiric Draining        Necr           ##........   19%         3    ####...
 Regeneration             Chrm/Necr      #.........   36%         3    ####...
 Animate Dead             Necr           N/A          52%         4    #####..


Dungeon Overview and Level Annotations

Branches:
Dungeon (2/15)

Altars:


Message History

The gnoll hits you from afar with a +0 halberd of protection!
You are too injured to fight recklessly!
Attack whom?
Press: ? - help, Dir - move target cursor, f/p - gnoll
Aim: a gnoll, wielding a +0 halberd of protection (almost dead)
You reach to attack!
You closely miss the gnoll.
The gnoll is almost dead.
The gnoll closely misses you.
Attack whom?
Press: ? - help, Dir - move target cursor, f/p - gnoll
Aim: a gnoll, wielding a +0 halberd of protection (almost dead)
You reach to attack!
You barely miss the gnoll.
The gnoll is almost dead.
Attack whom?
Press: ? - help, Dir - move target cursor, f/p - gnoll
Aim: a gnoll, wielding a +0 halberd of protection (almost dead)
You reach to attack!
You barely miss the gnoll.
The gnoll is almost dead.
The gnoll hits you from afar with a +0 halberd of protection!
You die...

...##....#...#.#
#...# ##.##
...##...#...#..#
#...# ##...#
...##...#####.##
#...#######.#.#.
..............#
#.......).....##
...##.##....###
#..########.###.
#####.##.#### #..#
##.#.#
.####.##.#..#########
##.##
......##.#.##.....#
###
.####.##.#.##..#@.#
## #.##.#.##..#..#
#####.##.#.##..#g.#
.........).##.##.##
#####.###.##..#).#
...........#..#..#
#####......#..#..#
#######
#####.....#...
......## #.########
#####...#


You could see a gnoll.

Vanquished Creatures
  3 adders (D:2)
  3 gnolls
  An adder skeleton (D:2)
  3 dart slugs
  A leopard gecko (D:2)
  A giant cockroach (D:1)
  8 goblins
  6 hobgoblins
  3 jackals
  5 bats
  6 frilled lizards
  4 kobolds
  4 rats (D:1)
48 creatures vanquished.

Notes
Turn   | Place    | Note
-------+----------+-------------------------------------------
     0 | D:1      | Faca the Merfolk Necromancer began the quest for the Orb.
     0 | D:1      | Reached XP level 1. HP: 13/13 MP: 3/3
   107 | D:1      | Reached skill level 1 in Polearms
   254 | D:1      | Reached skill level 1 in Fighting
   254 | D:1      | Reached XP level 2. HP: 21/21 MP: 5/5
   345 | D:1      | Reached skill level 2 in Polearms
   997 | D:1      | Reached XP level 3. HP: 23/27 MP: 6/6
  1158 | D:1      | Reached skill level 3 in Polearms
  1928 | D:2      | Reached XP level 4. HP: 26/34 MP: 7/7
  2325 | D:2      | Reached skill level 4 in Polearms
  2944 | D:2      | Slain by a gnoll

Levels and vault maps discovered:
D:1:      kennysheep_arrival_seaside, layout_basic, serial_bayou,
          serial_bayou_lagoon_a, serial_bayou_shore_a, serial_bayou_lake_a,
          serial_bayou_pond_a, minmay_small_reverse_x
D:2:      minmay_angry_zag, layout_loops_ring, bh_chokoban, minmay_distorted

Skill      XL: |  1  2  3  4 |
---------------+-------------+-----
Polearms       | 1 2 3 4 |  4.4
Fighting       | 1 2 3 |  3.2
Dodging        | |  2.6
Stealth        | |  2.1
Spellcasting   | |  2.0
Necromancy     | |  3.2

Action                   |  1- 3 |  4- 6 || total
-------------------------+-------+-------++-------
Melee: Spear             |   156 |   104 ||   260
  Use: Scroll            |     7 |       ||     7
       Potion            |       |     1 ||     1
 Stab: Sleeping          |     9 |     4 ||    13
  Eat: Chunk             |     2 |     4 ||     6
Armor: Robe              |    25 |    27 ||    52
Dodge: Dodged            |    56 |    57 ||   113
